 Dungeon Crawl Stone Soup version 0.20.0 (webtiles) character file.

22471 Fynz the Impaler (level 12, 0/81 HPs)
             Began as a Demonspawn Abyssal Knight on July 15, 2017.
             Was an Elder of Lugonu.
             Slain by a porcupine (3 damage)
             ... on level 3 of the Lair of Beasts on July 16, 2017.
             The game lasted 01:40:16 (22091 turns).

Fynz the Impaler (Demonspawn Abyssal Knight)       Turns: 22091, Time: 01:40:17

Health: 0/81       AC: 16    Str: 16    XL:     12   Next: 63%
Magic:  22/22      EV: 15    Int: 13    God:    Lugonu [****..]
Gold:   787        SH:  0    Dex: 15    Spells: 11/11 levels left

rFire    . . .     SeeInvis .   K - +0 halberd
rCold    + + .     Gourm    +   (shield currently unavailable)
rNeg     . . .     Faith    .   X - +4 ring mail {rC+}
rPois    .         Spirit   .   (helmet restricted)
rElec    .         Reflect  .   (no cloak)
rCorr    .         Harm     .   t - +2 pair of gloves
MR       .....                  (no boots)
Stlth    ++........             L - amulet of the gourmand
Regen    0.3/turn               G - +2 ring of evasion
MPRegen  0.2/turn               h - ring of stealth

@: lethally poisoned (0 -> -1)
A: antennae 1, iridescent scales 2, cold resistance 1, demonic guardian 2
a: Depart the Abyss, Bend Space, Banish, Corrupt, Renounce Religion


You were on level 3 of the Lair of Beasts.
You worshipped Lugonu.
Lugonu was greatly pleased with you.
You were very full.

You visited 3 branches of the dungeon, and saw 15 of its levels.
You visited the Abyss 1 time.

You collected 1001 gold pieces.
You spent 214 gold pieces at shops.

Inventory:

Hand Weapons
 d - a +0 blowgun
 E - a +0 trident
 K - a +0 halberd (weapon)
 P - a +2 quarterstaff of protection
Missiles
 r - 50 poisoned needles
 A - 3 poisoned tomahawks (quivered)
 C - 5 curare-tipped needles
Armour
 t - a +2 pair of gloves (worn)
 v - a +2 robe of resistance
 D - a +2 leather armour of magic resistance
 X - a +4 ring mail of cold resistance (worn)
Magical Staves
 I - an uncursed staff of wizardry
Jewellery
 h - a ring of stealth (right hand)
 s - an uncursed ring of ice
 G - a +2 ring of evasion (left hand)
 L - an amulet of the gourmand (around neck)
 W - an uncursed ring of stealth
 Y - an uncursed ring of wizardry
Wands
 j - a wand of confusion (28/48)
 z - a wand of digging (12/24)
 O - a wand of disintegration (1/24)
 Q - a wand of confusion (7/48)
 T - a wand of disintegration (6/24)
Scrolls
 a - 4 scrolls of teleportation
 m - 5 scrolls of remove curse
 o - 3 scrolls of magic mapping
 w - 4 scrolls of blinking
 x - a scroll of fear
 y - 4 scrolls of amnesia
 M - a scroll of enchant weapon
 R - a scroll of silence {unknown}
 S - a scroll of recharging {unknown}
 U - 3 scrolls of summoning
Potions
 f - 3 potions of mutation
 g - 3 potions of brilliance
 i - 2 potions of magic
 p - 2 potions of haste
 q - a potion of resistance
 u - a potion of flight
 B - a potion of might
 F - 4 potions of curing
 H - a potion of cancellation
 N - a potion of ambrosia
Books
 e - a book of Conjurations

   Spells                             Type                      Level
   a - Magic Dart                     Conjuration                  1
   b - Searing Ray                    Conjuration                  2
   c - Dazzling Spray                 Conjuration/Hexes            3
   d - Fulminant Prism                Conjuration/Hexes            4
   e - Force Lance                    Conjuration/Translocation    4
   f - Iskenderun's Mystic Blast      Conjuration                  4
 n - a book of Callings

   Spells                             Type                      Level
   a - Summon Small Mammal            Summoning                    1
   b - Call Imp                       Summoning                    2
   c - Call Canine Familiar           Summoning                    3
   d - Summon Guardian Golem          Hexes/Summoning              3
   e - Summon Lightning Spire         Summoning/Air                4
   f - Summon Ice Beast               Ice/Summoning                4
 V - a book of Transfigurations

   Spells                             Type                      Level
   a - Irradiate                      Conjuration/Transmutation    5
   b - Statue Form                    Transmutation/Earth          6
   c - Hydra Form                     Transmutation                6
   d - Dragon Form                    Transmutation                7
 Z - a book of Flames

   Spells                             Type                      Level
   a - Flame Tongue                   Conjuration/Fire             1
   b - Throw Flame                    Conjuration/Fire             2
   c - Conjure Flame                  Conjuration/Fire             3
   d - Inner Flame                    Hexes/Fire                   3
   e - Sticky Flame                   Conjuration/Fire             4
   f - Fireball                       Conjuration/Fire             5
Comestibles
 b - 10 fruits
 c - 8 bread rations
 k - 8 meat rations
 l - 5 royal jellies


   Skills:
 - Level 3.0 Fighting
 - Level 15.2 Polearms
 - Level 1.7 Armour
 * Level 4.2 Dodging
 + Level 14.6 Invocations


You had 11 spell levels left.
You didn't know any spells.

Dungeon Overview and Level Annotations

Branches:
Dungeon (11/15)            Temple (1/1) D:7            Lair (3/6) D:8
 Shoals (0/4) Lair:3       Spider (0/4) Lair:3          Orc (0/2) D:11

Altars:
Ashenzari
Cheibriados
Dithmenos
Elyvilon
Fedhas
Gozag
Hepliaklqana
Kikubaaqudgha
Makhleb
Nemelex Xobeh
Okawaru
Qazlal
Ru
Sif Muna
Trog
Uskayaw
Vehumet
Xom
Yredelemnul
Zin
The Shining One
Beogh

Shops:
D:6 [   D:11 (

Annotations:
Abyss:1 Rupert


Innate Abilities, Weirdness & Mutations

You have a pair of small antennae on your head.
You are mostly covered in iridescent scales. (AC +4)
Your flesh is cold resistant. (rC+)
A demonic guardian rushes to your aid.


Message History

You reach to attack!
You barely miss the porcupine. You closely miss the porcupine.
The porcupine bites you but does no damage.
You are struck by the porcupine's spines.
* * * LOW HITPOINT WARNING * * *
You hit the porcupine.
The porcupine is moderately wounded.
You feel sick. The porcupine bites you.
* * * LOW HITPOINT WARNING * * *
You hit the porcupine.
The porcupine is moderately wounded.
You are struck by the porcupine's spines.
* * * LOW HITPOINT WARNING * * *
You completely miss the porcupine.
The porcupine is moderately wounded.
The porcupine completely misses you.
You hit the porcupine.
The porcupine is heavily wounded.
You feel sick. The porcupine bites you.
You die...

..............
.#...?...##..####....##..
#........##..####....##..
#.......##..##......##..
#.......PP..###......#.. .
##.......PP...#.[....P#..
...#.......P................
..........................>P
#.....r@....>..........#
#.......##..#.##P#.#####
####P.############## ####


You could see a porcupine.

Vanquished Creatures
  2 two-headed ogres
  3 black mambas
  Psyche (D:9)
  7 spiny frogs
  A rime drake (Lair:3)
  2 komodo dragons (Lair:2)
  4 blink frogs
  3 hippogriffs
  2 wyverns
  2 fire elementals (Lair:2)
  A basilisk (Lair:2)
  2 hungry ghosts
  7 yaks
  2 water moccasins
  4 porcupines
  3 orc warriors
  3 sky beasts
  2 black bears
  4 necrophages
  2 ice beasts
  A phantom (D:9)
  2 ogres
  11 centaurs
  3 wolves (Lair:3)
  5 crocodiles
  A big kobold (D:11)
  5 bullfrogs
  A wyvern skeleton (D:9)
  2 scorpions
  5 howler monkeys
  6 wights
  4 crimson imps
  A quasit (D:11)
  A bullfrog skeleton (D:7)
  A hound (D:7)
  4 iguanas
  4 orc priests
  8 orc wizards
  5 worker ants
  A killer bee zombie (D:7)
  2 hound zombies
  A mummy (D:10)
  A worker ant zombie (D:9)
  4 gnolls
  15 adders
  5 shadow imps
  2 oozes
  An adder zombie (D:7)
  An adder skeleton (D:6)
  5 worms
  4 dart slugs
  6 leopard geckos
  69 orcs
  3 ball pythons
  6 bats
  7 giant cockroaches
  8 goblins
  4 hobgoblins
  6 jackals
  3 quokkas
  2 ball python skeletons (D:4)
  16 frilled lizards
  14 kobolds
  A leopard gecko skeleton (D:6)
  3 quokka zombies
  3 rats
320 creatures vanquished.

Vanquished Creatures (collateral kills)
  Harold (Lair:1)
  3 two-headed ogres
  2 death yaks (Lair:3)
  A cyclops (D:11)
  A torpor snail (Lair:3)
  Joseph (D:8)
  2 spiny frogs
  A rime drake (Lair:3)
  A komodo dragon (Lair:1)
  Grinder (D:4)
  4 blink frogs
  12 yaks
  A human (D:7)
  4 hogs (D:7)
  2 insubstantial wisps (D:7)
  A porcupine (Lair:1)
  An ice beast (D:5)
  3 sky beasts (D:7)
  An ogre (D:5)
  A wolf (Lair:3)
  3 centaurs
  2 crocodiles
  Blork the orc (D:5)
  A crimson imp (D:5)
  A centaur skeleton (D:4)
  A jelly (D:5)
  An orc wizard (D:4)
  An iguana (D:6)
  2 worker ants (D:4)
  An adder (D:8)
  A worm (D:4)
  3 orcs
  A jackal (D:7)
63 creatures vanquished.

Vanquished Creatures (others)
  A hydra (Lair:1)
  An ugly thing (D:11)
  5 yaks (Lair:1)
  A vampire (D:9)
  A steam dragon (D:7)
  An orc warrior (D:9)
  An ogre (D:6)
  A centaur (D:11)
  A worker ant (D:4)
  A fungus (Lair:3)
  A plant (Lair:2)
15 creatures vanquished.

Grand Total: 398 creatures vanquished

Notes
Turn   | Place    | Note
-------+----------+-------------------------------------------
     0 | Abyss:1  | Fynz the Demonspawn Abyssal Knight began the quest for the Orb.
     0 | Abyss:1  | Reached XP level 1. HP: 18/18 MP: 2/2
    23 | Abyss:2  | Found a corrupted altar of Lugonu.
    86 | Abyss:2  | Noticed a small abomination
    87 | D:1      | Escaped the Abyss
   494 | D:1      | Reached skill level 2 in Polearms
   662 | D:1      | Gained mutation: A weak demonic guardian rushes to your aid. [demonic ancestry]
   662 | D:1      | Reached XP level 2. HP: 24/24 MP: 4/4
   712 | D:1      | Reached * piety under Lugonu
  1301 | D:2      | Gained mutation: A demonic guardian rushes to your aid. [demonic ancestry]
  1301 | D:2      | Reached XP level 3. HP: 29/29 MP: 5/5
  1609 | D:2      | Reached skill level 3 in Polearms
  2025 | D:2      | Reached XP level 4. HP: 19/35 MP: 6/6
  2272 | D:2      | Found a bloodstained altar of Trog.
  2579 | D:3      | Reached ** piety under Lugonu
  2651 | D:3      | Reached skill level 4 in Polearms
  3415 | D:3      | Reached XP level 5. HP: 41/41 MP: 7/7
  3979 | D:4      | Reached skill level 5 in Polearms
  4586 | D:4      | Reached XP level 6. HP: 47/47 MP: 8/8
  4730 | D:4      | Noticed Grinder
  4734 | D:4      | Paralysed by Grinder for 3 turns
  4739 | D:4      | Killed Grinder
  4986 | D:4      | Reached skill level 6 in Polearms
  5319 | D:4      | HP: 2/47 [poisoned by a worker ant]
  5723 | D:4      | Reached *** piety under Lugonu
  5749 | D:4      | Gained mutation: You are partially covered in iridescent scales. (AC +2) [demonic ancestry]
  5749 | D:4      | Reached XP level 7. HP: 35/52 MP: 10/10
  6415 | D:5      | Entered Level 5 of the Dungeon
  7188 | D:4      | Reached skill level 7 in Polearms
  7417 | D:5      | Reached skill level 5 in Invocations
  7436 | D:5      | Noticed Blork the orc
  7439 | D:5      | Killed Blork the orc
  7853 | D:5      | Found an opulent altar of Gozag.
  7853 | D:5      | Found a glowing silver altar of Zin.
  7919 | D:6      | Reached skill level 8 in Polearms
  7919 | D:6      | Gained mutation: Your flesh is cold resistant. (rC+) [demonic ancestry]
  7919 | D:6      | Reached XP level 8. HP: 57/58 MP: 12/12
  8122 | D:6      | Found Xopinem's Armour Boutique.
  8134 | D:6      | Bought a +2 helmet for 214 gold pieces
  8238 | D:7      | Found a bloodstained altar of Trog.
  8238 | D:7      | Found a shattered altar of Ashenzari.
  8238 | D:7      | Found a sparkling altar of Nemelex Xobeh.
  8238 | D:7      | Found a glowing silver altar of Zin.
  8238 | D:7      | Found a hazy altar of Hepliaklqana.
  8238 | D:7      | Found a shimmering altar of Xom.
  8238 | D:7      | Found a shattered altar of Ashenzari.
  8238 | D:7      | Found a bloodstained altar of Trog.
  8238 | D:7      | Found a stormy altar of Qazlal.
  8238 | D:7      | Found a shimmering altar of Xom.
  8238 | D:7      | Found a white marble altar of Elyvilon.
  8238 | D:7      | Found a snail-covered altar of Cheibriados.
  8246 | D:7      | Found a staircase to the Ecumenical Temple.
  8296 | Temple   | Entered the Ecumenical Temple
  8723 | D:6      | Reached skill level 9 in Polearms
  9563 | D:7      | Reached skill level 10 in Polearms
  9587 | D:7      | Gained mutation: You are mostly covered in iridescent scales. (AC +4) [demonic ancestry]
  9587 | D:7      | Reached XP level 9. HP: 31/63 MP: 12/14
 10313 | D:7      | Reached **** piety under Lugonu
 10442 | D:7      | Reached skill level 11 in Polearms
 11024 | D:8      | Noticed a two-headed ogre
 11033 | D:8      | Killed a two-headed ogre
 11236 | D:8      | Noticed a two-headed ogre
 11245 | D:8      | Killed a two-headed ogre
 11245 | D:8      | Gained mutation: You have a pair of small antennae on your head. [demonic ancestry]
 11245 | D:8      | Reached XP level 10. HP: 70/70 MP: 16/16
 11323 | D:8      | Found a shadowy altar of Dithmenos.
 11493 | D:8      | Noticed Joseph
 11502 | D:8      | Killed Joseph
 11502 | D:8      | Reached skill level 12 in Polearms
 11712 | D:8      | Found a staircase to the Lair.
 11715 | D:8      | You fall through a shaft!
 12027 | D:9      | Noticed a two-headed ogre
 12032 | D:9      | Killed a two-headed ogre
 12286 | D:9      | Noticed Psyche
 12298 | D:9      | Killed Psyche
 12736 | D:9      | Reached skill level 13 in Polearms
 12866 | D:9      | Found an iron altar of Okawaru.
 12946 | D:10     | Entered Level 10 of the Dungeon
 13747 | D:10     | Noticed a two-headed ogre
 13856 | D:10     | Noticed a two-headed ogre
 13865 | D:10     | Killed a two-headed ogre
 13865 | D:10     | Reached skill level 10 in Invocations
 14033 | D:10     | Reached XP level 11. HP: 75/75 MP: 18/18
 14275 | D:10     | Killed a two-headed ogre
 14510 | D:11     | Found a roughly hewn altar of Beogh.
 14534 | D:11     | Reached ***** piety under Lugonu
 14565 | D:11     | Reached skill level 14 in Polearms
 14658 | D:11     | Noticed a cyan ugly thing
 14667 | D:11     | Banished a cyan ugly thing
 15779 | D:11     | Found Senipratui's Weapon Boutique.
 15779 | D:11     | Found a staircase to the Orcish Mines.
 16331 | Lair:1   | Entered Level 1 of the Lair of Beasts
 17347 | Lair:1   | Found a glowing silver altar of Zin.
 17400 | Lair:1   | Noticed a five-headed hydra
 17405 | Lair:1   | Banished a five-headed hydra
 17840 | Lair:1   | Noticed Harold
 17851 | Lair:1   | Killed Harold
 18486 | Lair:2   | Reached skill level 15 in Polearms
 18734 | Lair:2   | Reached XP level 12. HP: 80/81 MP: 21/21
 19737 | Lair:2   | Reached skill level 1 in Dodging
 20608 | Lair:3   | Found a hole to the Spider Nest.
 20820 | Lair:3   | Noticed a death yak
 20820 | Lair:3   | Noticed a death yak
 20855 | Lair:3   | Killed a death yak
 20860 | Lair:3   | Killed a death yak
 21263 | Lair:3   | Found a staircase to the Shoals.
 21557 | Lair:3   | Noticed Rupert
 21565 | Lair:3   | Banished Rupert
 22090 | Lair:3   | HP: 3/81 [porcupine's spines (7)]
 22091 | Lair:3   | Slain by a porcupine

Skill      XL: |  1  2  3  4  5  6  7  8  9 10 11 12 |
---------------+-------------------------------------+-----
Polearms       | 2 3 4 5 6 8 10 11 13 15 | 15.2
Invocations    | 3 4 5 6 8 10 12 14 | 14.6
Dodging        | 4 |  4.2
Fighting       | |  3.0
Armour         | |  1.7

Action                   |  1- 3 |  4- 6 |  7- 9 | 10-12 || total
-------------------------+-------+-------+-------+-------++-------
Melee: Spear             |   188 |   332 |   186 |       ||   706
       Trident           |       |       |   197 |       ||   197
       Halberd           |       |       |   166 |   825 ||   991
Throw: Stone             |       |     3 |       |       ||     3
       Tomahawk          |       |     1 |    12 |    12 ||    25
Invok: Depart the Abyss  |     1 |       |       |       ||     1
       Banish            |       |       |     3 |    15 ||    18
       Bend Space        |       |       |       |     1 ||     1
Evoke: Wand              |       |       |       |     7 ||     7
  Use: Scroll            |       |     1 |    14 |    13 ||    28
       Potion            |       |     1 |     2 |     1 ||     4
 Stab: Sleeping          |       |       |     6 |     2 ||     8
       Distracted        |       |       |     2 |     7 ||     9
  Eat: Chunk             |     3 |    12 |    24 |    57 ||    96
       Fruit             |       |     1 |     1 |       ||     2
       Bread ration      |       |       |     1 |       ||     1
Armor: Ring mail         |    34 |    94 |    29 |    61 ||   218
       Leather armour    |     4 |       |   161 |   136 ||   301
Dodge: Dodged            |    59 |    88 |   179 |   334 ||   660
Block: Buckler           |    17 |    13 |    22 |       ||    52
       Shield            |       |    69 |    16 |       ||    85
